 Dungeon Crawl Stone Soup version 0.32-a0-768-g0f6f1dd4b9 (webtiles) character file.

Game seed: 1746503067705334439

165 Elsrick the Trooper (level 5, 0/55 HPs)
             Began as an Oni Fighter on Mar 18, 2024.
             Slain by an orc wizard
             ... wielding a +0 dagger
              (2 damage)
             ... on level 3 of the Dungeon.
             The game lasted 00:05:22 (2378 turns).

Elsrick the Trooper (Oni Fighter)                   Turns: 2378, Time: 00:05:23

Health: 0/55       AC:  3    Str: 22    XL:     5   Next: 46%
Magic:  5/5        EV:  8    Int:  9    God:
Gold:   103        SH:  7    Dex:  8    Spells: 4/4 levels left

rFire   . . .        a - +0 war axe
rCold   . . .        c - +0 kite shield
rNeg    . . .        b - +0 robe
rPois   .            (helmet restricted)
rElec   .            (no cloak)
rCorr   .            (gloves unavailable)
SInv    .            (boots unavailable)
Will    .....        (no amulet)
Stlth   +            (no ring)
HPRegen 0.29/turn    (no ring)
MPRegen 0.09/turn

%: no passive effects
@: no status effects
A: large, unfitting armour, horns 1, tough skin 1, double potion healing,
drunken brawling
a: no special abilities


You were on level 3 of the Dungeon.
You visited 1 branch of the dungeon, and saw 3 of its levels.

You collected 103 gold pieces.

Inventory:

Hand Weapons
 a - a +0 war axe (weapon)
Missiles
 f - 6 poisoned darts (quivered)
Armour
 b - a +0 robe (worn)
 c - a +0 kite shield (worn)
Jewellery
 p - a ring of see invisible
Scrolls
 e - 2 scrolls of teleportation {unknown}
 h - a scroll of amnesia {unknown}
 k - 3 scrolls of identify {unknown}
 l - a scroll of fog {unknown}
 m - 2 scrolls of vulnerability {unknown}
Potions
 d - a potion of might
 g - 3 potions of curing {unknown}
 i - a potion of haste {unknown}
 j - a potion of attraction {unknown}
 n - a potion of mutation {unknown}
 o - a potion of cancellation {unknown}


   Skills:
 + Level 4.7 Fighting
 + Level 3.3 Axes
 + Level 0.1 Throwing
 + Level 3.5 Dodging
 + Level 0.6 Stealth
 + Level 3.5 Shields


You had 4 spell levels left.
You didn't know any spells.
Your spell library was empty.

Dungeon Overview and Level Annotations

Branches:
Dungeon (3/15)

Altars:

Shops:
D:1 ([


Innate Abilities, Weirdness & Mutations

You are too large for most types of armour.
You have a pair of small horns on your head.
You have tough skin. (AC +1)
You gain doubled healing and magic from potions.
Whenever you drink a healing potion, you attack all around you.


Message History

You block the orc's attack.
You hit the orc.
You kill the orc!
Something hits you.
You barely miss something. Something hits you.
You miss something. Your headbutt misses something.
You block something's attack. Something hits you.
Unknown command.
You miss something. Something hits you.
You miss something. You headbutt something.
Something hits you but does no damage.
You hear some strange, mumbled words.
You are confused.
You completely miss something.
You hear some strange, mumbled words.
A puff of flame appears from out of thin air!
The puff of flame hits you!
* * * LOW HITPOINT WARNING * * *
You miss something. Your headbutt misses something. Something hits you.
* * * LOW HITPOINT WARNING * * *
Something hits you.
* * * LOW HITPOINT WARNING * * *
You miss something.
You hear some strange, mumbled words.
A magic dart appears from out of thin air!
The magic dart hits you.
* * * LOW HITPOINT WARNING * * *
You closely miss something. Something hits you.
* * * LOW HITPOINT WARNING * * *
Something hits you but does no damage.
You feel less confused.
You closely miss something. You slash the orc!
You kill the orc!
You closely miss something. Something hits you but does no damage.
Something hits you.
* * * LOW HITPOINT WARNING * * *
Items here: )) ††.
You completely miss something. Something hits you.
You die...

############ #.
........{..# #o
.######@#..# #. #)#..#
#. #.#..# #. #.#..# #.
..#..#
#(##########..#########
#(o.(.)....#..........#
##########.#.########.#
#.#.#<.....#.#


There were no monsters in sight!

Vanquished Creatures
  An orc priest (D:3)
  Robin (D:2)
  4 adders (D:2)
  3 ribbon worms
  3 dart slugs
  3 orcs (D:3)
  2 ball pythons (D:1)
  5 endoplasms
  2 giant cockroaches
  11 goblins
  6 hobgoblins
  7 jackals (D:1)
  3 kobolds
  2 quokkas
  5 bats
  5 frilled lizards
  6 rats
69 creatures vanquished.

Notes
Turn   | Place    | Note
-------+----------+-------------------------------------------
     0 | D:1      | Elsrick the Oni Fighter began the quest for the Orb.
     0 | D:1      | Reached XP level 1. HP: 24/24 MP: 1/1
     4 | D:1      | Found Kefic's Weapon Boutique.
   168 | D:1      | Found Tiockeal's Armour Shop.
   202 | D:1      | Reached XP level 2. HP: 32/32 MP: 2/2
   336 | D:1      | Found Reyttiso's Antique Armour Boutique.
   405 | D:1      | Reached XP level 3. HP: 37/40 MP: 3/3
  1134 | D:2      | Reached XP level 4. HP: 42/49 MP: 4/4
  1151 | D:2      | HP: 2/49 [poisoned by an adder]
  1495 | D:2      | Noticed Robin
  1503 | D:2      | Killed Robin
  1728 | D:2      | Reached XP level 5. HP: 43/55 MP: 5/5
  2377 | D:3      | HP: 1/55 [something (4)]
  2378 | D:3      | Slain by an orc wizard

Illustrated notes

Levels and vault maps discovered:
D:1:      beargit_arrival_greenhouse, layout_basic, serial_shops, shop,
          nicolae_shop_tiny_statue_garden, shop, minmay_pentomino_o2
D:2:      minmay_recursive_quarters, layout_loops_ring, uniq_robin
D:3:      layout_basic, mainiacjoe_overflow_paths, serial_shops, shop

Skill      XL: |  1  2  3  4 |
---------------+-------------+-----
Dodging        | 3 |  3.5
Shields        | 3 |  3.5
Axes           | 3 |  3.3
Fighting       | |  4.7
Throwing       | |  0.1
Stealth        | |  0.6

Action                     |  1- 3 |  4- 6 || total
---------------------------+-------+-------++-------
  Melee: War axe           |   109 |   112 ||   221
         Headbutt          |    15 |    15 ||    30
  Throw: Dart              |       |     7 ||     7
 Armour: Robe              |    80 |    91 ||   171
  Dodge: Dodged            |    52 |    59 ||   111
  Block: Kite shield       |    49 |    43 ||    92

Table legend: (Time is in decaauts)
 A = Elapsed time spent in this place.
 B = Non-inter-level travel time spent in this place.
 C = Inter-level travel time spent in this place.
 D = Time resting spent in this place.
 E = Time spent auto-exploring this place.
 F = Levels seen in this place.
 G = Mean time per level.
                   A        B        C        D        E       F      G
               +--------+--------+--------+--------+--------+-----+--------+
         Total |   2489 |   2449 |     40 |    405 |   1292 |   3 |  829.7 |
       Dungeon |   2489 |   2449 |     40 |    405 |   1292 |   3 |  829.7 |
               +--------+--------+--------+--------+--------+-----+--------+

Top non-repeatable levels by time:
     D:2: 1247 daAuts
     D:1: 925 daAuts
     D:3: 316 daAuts
